cohdb
Replays
Latest Replays
All Replays
Popular Replays
Top Player Replays
Match Explorer
How It Works
Community
CoH3 Stats
Reddit
Sign in to upload your games and track your stats! →
Sign in with Steam
Match 39245723
Unlisted
Match 39245723
Overview
Messages
Build Orders
End
Panzergrenadier Squad
Panzerpioneer Squad
Panzergrenadier Squad
Construct Light Support Kompanie
2.5-tonne Medical Truck
MG34 Team
Fire Support Elements
Flakvierling Half-track
le.IG 18 Support Gun Team
Selects Italian Infantry
Selects Sound the Alarm
Selects Prepared Positions
Construct Panzerarmee Kommand
Pak 38 Anti-tank Gun Team
Emergency Repair Kits
Selects Obice 305mm Barrage
Walking Stuka Rocket Launcher
Panzergrenadier Squad
Panzer III L Medium Tank
Panzerpioneer Squad
Panzer III L Medium Tank
NB
Microsoft Excel
henjiong89
Hubert_Hart
steil202
Tanith's Finest
0
0
Comments
sign in to comment!
No comments posted yet!